 Dungeon Crawl Stone Soup version 0.28.0-53-g5a82cb258f (webtiles) character file.

Game seed: 5696687134420598290

21487 DocClef the Brawler (level 12, 0/104 HPs)
             Began as a Troll Berserker on June 27, 2022.
             Was a High Priest of Trog.
             Killed from afar by a will-o-the-wisp (23 damage)
             ... with a foxfire
             ... on level 2 of the Lair of Beasts.
             The game lasted 00:20:05 (10255 turns).

DocClef the Brawler (Troll Berserker)              Turns: 10255, Time: 00:20:06

Health: 0/104      AC: 11    Str: 32    XL:     12   Next: 54%
Magic:  11/11      EV: 14    Int:  3    God:    Trog [*****.]
Gold:   712        SH:  5    Dex:  9    Spells: 11/11 levels left

rFire   . . .      SeeInvis .     - Unarmed
rCold   . . .      Faith    .   (no shield)
rNeg    . . .      Spirit   .   z - +2 steam dragon scales
rPois   +          Reflect  +   C - +2 hat
rElec   .          Harm     .   (no cloak)
rCorr   .          Rampage  .   (gloves unavailable)
Will    .....                   (boots unavailable)
Stlth   +.........              t - amulet of reflection
HPRegen 1.07/turn               i - +4 ring of evasion
MPRegen 0.12/turn               G - ring of poison resistance

@: no status effects
A: large, unfitting armour, claws 3, regeneration 1, shaggy fur 1, tough skin 1
a: Renounce Religion, Berserk, Trog's Hand, Brothers in Arms


You were on level 2 of the Lair of Beasts.
You worshipped Trog.
Trog was extremely pleased with you.
You visited 2 branches of the dungeon, and saw 12 of its levels.
You also visited: Sewer and Volcano.

You collected 712 gold pieces.

Inventory:

Armour
 a - a +0 animal skin
 z - +2 steam dragon scales (worn)
 C - a +2 hat (worn)
Jewellery
 i - a +4 ring of evasion (left claw)
 j - an amulet of guardian spirit
 t - an amulet of reflection (around neck)
 w - a +6 ring of intelligence
 G - a ring of poison resistance (right claw)
 I - a +6 ring of strength
 K - a +6 ring of dexterity
 L - a ring of protection from cold
 M - a ring of willpower
Wands
 y - a wand of digging (7)
 A - a wand of acid (9)
 E - a wand of flame (10)
Scrolls
 b - 2 scrolls of immolation
 d - a scroll of brand weapon
 e - a scroll of blinking
 g - 4 scrolls of teleportation
 l - 3 scrolls of vulnerability
 q - 2 scrolls of fog
 u - 2 scrolls of fear
 v - 2 scrolls of enchant weapon
Potions
 c - 5 potions of heal wounds
 f - 9 potions of curing
 h - 2 potions of haste
 k - 2 potions of might
 m - a potion of magic {unknown}
 n - 5 potions of attraction {unknown}
 o - 3 potions of mutation {unknown}
 p - a potion of resistance
 r - a potion of degeneration {unknown}
 s - a potion of berserk rage
 x - a potion of cancellation
 B - a potion of lignification {unknown}
 F - a potion of brilliance {unknown}
 H - 2 potions of invisibility {unknown}


   Skills:
 - Level 2.4 Fighting
 - Level 2.4 Dodging
 + Level 20.5 Unarmed Combat


You had 11 spell levels left.
You didn't know any spells.
Your spell library was empty.

Dungeon Overview and Level Annotations

Branches:
Dungeon (10/15)            Temple (0/1) D:6            Lair (2/6) D:10
  Swamp (0/4) Lair:2          Orc (0/2) D:9           Sewer (visited)
Volcano (visited)
  Snake: Lair:2-4    Spider: Lair:2-4

Altars:
Cheibriados
Elyvilon
Qazlal
Trog
Vehumet
Xom

Shops:
D:4 :   D:5 (   D:9 [(

Annotations:
D:9 2 transporters, buhh's ghost, novice FoHu


Innate Abilities, Weirdness & Mutations

You are too large for most types of armour.
You have claws for hands.
Your natural rate of healing is unusually fast.
You are covered in fur. (AC +1)
You have tough skin. (AC +1)


Message History

Trog accepts your kill.
You claw the yak!
You kill the yak!
Trog accepts your kill.
You mangle the yak!! You claw the yak!
You kill the yak!
Trog accepts your kill.
You hear a chilling moan.
The will-o-the-wisp gestures.
The will-o-the-wisp conjures some foxfire! 2 foxfires come into view.
You see here a yak corpse.
You eviscerate the yak!!!
You kill the yak!
Trog accepts your kill.
A water moccasin comes into view.
You eviscerate the yak!!!
The yak is almost dead.
The foxfire hits you!
The will-o-the-wisp gestures.
The will-o-the-wisp conjures some foxfire!
A foxfire comes into view.
You mangle the yak!!
You kill the yak!
Trog accepts your kill. The foxfire hits you!
A foxfire comes into view.
The will-o-the-wisp gestures.
The will-o-the-wisp conjures some foxfire!
A foxfire comes into view.
A foxfire comes into view.
The foxfire hits you! x2
The will-o-the-wisp gestures.
The will-o-the-wisp conjures some foxfire!
The foxfire moves out of view. 2 foxfires come into view.
The foxfire hits you!!
* * * LOW HITPOINT WARNING * * *
The foxfire hits you!!
You die...

*#.......##...,...,,.....
#........#..#....,,.....
#........#..#....,,.....
#......#*,.......,,..... ####
#......#**..Y..,,,,.....
###..######.....###Y.##...,,.....
#.....##..#..#....†.....#,,,.##.#
.............#....Y..S..#**,,,##*
................@§........,,,..##
.....##.P#.......v........,,,....
....#............§§.......,,,....
#P..P.....#P.#.>..§§....#.**,..##
#.........#..##..##v..##..***,##.
.................v§§§..###* *##.§
....................§v...# ###.≈≈
#..........#.........§######..§§≈
..........#..........§###.#.##§≈§


You could see a will-o-the-wisp, 3 yaks and a water moccasin.

Vanquished Creatures
  2 hydras (Lair:1)
  4 two-headed ogres
  A hell knight (Volcano)
  A salamander mystic (Volcano)
  The ghost of Valamore the Fighter, a novice GrFi of Okawaru (D:6)
  4 slime creatures (D:9)
  5 salamanders (Volcano)
  A black mamba (Lair:2)
  Joseph (D:7)
  2 torpor snails
  A rime drake (Lair:2)
  4 cane toads
  6 komodo dragons
  Maggie (D:6)
  A troll (D:10)
  Grinder (D:3)
  15 yaks
  3 wyverns
  2 basilisks
  A warg (Lair:1)
  Duvessa (D:7)
  3 water moccasins
  5 ice beasts
  6 orc warriors
  An ogre (D:4)
  A centaur (D:9)
  15 wolves
  2 phantoms
  5 bullfrogs
  5 scorpions
  2 water moccasin skeletons
  Dowan (D:7)
  10 killer bees
  10 wights (D:9)
  3 howler monkeys (D:10)
  5 quasits (D:6)
  6 orc priests
  A gnoll shaman (D:8)
  5 hounds
  3 jellies
  2 centaur skeletons
  2 iguanas
  A scorpion zombie (D:5)
  4 orc wizards
  A killer bee zombie (D:6)
  3 hound skeletons
  A howler monkey zombie (D:10)
  11 gnolls
  10 adders
  A river rat (Sewer)
  3 white imps
  4 worms
  3 dart slugs
  25 orcs
  12 ball pythons
  9 bats
  5 endoplasms
  6 giant cockroaches
  8 goblins
  6 hobgoblins
  4 jackals (D:1)
  13 quokkas
  10 frilled lizards
  11 kobolds
  9 rats
311 creatures vanquished.

Vanquished Creatures (others)
  13 foxfires (Lair:2)
  5 fungi
  31 plants
49 creatures vanquished.

Grand Total: 360 creatures vanquished

Notes
Turn   | Place    | Note
-------+----------+-------------------------------------------
     0 | D:1      | DocClef the Troll Berserker began the quest for the Orb.
     0 | D:1      | Reached XP level 1. HP: 22/22 MP: 0/0
   232 | D:1      | Reached XP level 2. HP: 29/29 MP: 1/1
   333 | D:1      | Found a faded altar of an unknown god.
   389 | D:1      | Reached skill level 4 in Unarmed Combat
   464 | D:1      | Reached ** piety under Trog
   465 | D:1      | Reached XP level 3. HP: 33/36 MP: 2/2
  1480 | D:3      | Reached XP level 4. HP: 44/44 MP: 3/3
  1498 | D:3      | Reached skill level 5 in Unarmed Combat
  1648 | D:3      | Noticed Grinder
  1656 | D:3      | Killed Grinder
  1657 | D:3      | Reached skill level 6 in Unarmed Combat
  1657 | D:3      | Reached XP level 5. HP: 50/50 MP: 4/4
  1660 | D:3      | Reached XP level 6. HP: 59/59 MP: 5/5
  2020 | D:4      | Reached skill level 7 in Unarmed Combat
  2042 | D:4      | Found a glowing drain.
  2054 | D:4      | Reached *** piety under Trog
  2059 | Sewer    | Entered a sewer
  2487 | D:4      | Found a bloodstained altar of Trog.
  2528 | D:4      | Found Tehef's Book Emporium.
  2816 | D:4      | Reached skill level 8 in Unarmed Combat
  2820 | D:4      | Reached XP level 7. HP: 59/66 MP: 6/6
  2879 | D:4      | Found a shimmering altar of Xom.
  3248 | D:5      | Entered Level 5 of the Dungeon
  3256 | D:5      | Reached **** piety under Trog
  3257 | D:5      | Reached skill level 9 in Unarmed Combat
  3472 | D:5      | Found Metom's Weapon Shoppe.
  3549 | D:5      | Reached XP level 8. HP: 74/74 MP: 7/7
  3597 | D:5      | Reached skill level 10 in Unarmed Combat
  3673 | D:5      | Found a stormy altar of Qazlal.
  4125 | D:6      | Reached skill level 11 in Unarmed Combat
  4143 | D:6      | Found a staircase to the Ecumenical Temple.
  4362 | D:6      | Found a transporter.
  4366 | D:6      | Noticed Valamore's ghost (novice GrFi)
  4404 | D:6      | Noticed Maggie
  4415 | D:6      | Killed Maggie
  4416 | D:6      | Reached skill level 12 in Unarmed Combat
  4416 | D:6      | Reached XP level 9. HP: 42/80 MP: 8/8
  4747 | D:6      | Found a transporter.
  5235 | D:7      | Noticed Duvessa
  5239 | D:7      | Noticed Dowan
  5245 | D:7      | Killed Duvessa
  5250 | D:7      | Killed Dowan
  5251 | D:7      | Reached skill level 13 in Unarmed Combat
  5376 | D:7      | Noticed Joseph
  5382 | D:7      | Killed Joseph
  5864 | D:8      | Found a radiant altar of Vehumet.
  5886 | D:8      | Reached skill level 14 in Unarmed Combat
  5925 | D:8      | Noticed a two-headed ogre
  5930 | D:8      | Killed a two-headed ogre
  5931 | D:8      | Reached XP level 10. HP: 88/88 MP: 9/9
  6502 | D:9      | Found Cytweif's Armour Shop.
  6503 | D:9      | Found a staircase to the Orcish Mines.
  6510 | D:9      | Reached ***** piety under Trog
  6550 | D:9      | Found Juesits's Weapon Shop.
  6628 | D:9      | Found a transporter.
  6629 | D:9      | Noticed buhh's ghost (novice FoHu)
  6633 | D:9      | Found a transporter.
  6759 | D:9      | Reached skill level 15 in Unarmed Combat
  6836 | D:9      | Noticed a two-headed ogre
  6853 | D:9      | Killed a two-headed ogre
  7272 | D:9      | Reached skill level 16 in Unarmed Combat
  7348 | D:9      | Noticed a two-headed ogre
  7353 | D:9      | Killed a two-headed ogre
  7558 | D:6      | Killed Valamore's ghost
  7559 | D:6      | Reached XP level 11. HP: 94/94 MP: 10/10
  7686 | D:10     | Entered Level 10 of the Dungeon
  7758 | D:10     | Noticed a two-headed ogre
  7769 | D:10     | Reached skill level 17 in Unarmed Combat
  7777 | D:10     | Killed a two-headed ogre
  7799 | D:10     | Identified the +2 whip of Contention {venom, rPois rN+}
  8107 | D:10     | Found a snail-covered altar of Cheibriados.
  8107 | D:10     | Found a white marble altar of Elyvilon.
  8193 | D:10     | Found a staircase to the Lair.
  8563 | Lair:1   | Entered Level 1 of the Lair of Beasts
  8570 | Lair:1   | Noticed a six-headed hydra
  8578 | Lair:1   | Killed an 11-headed hydra
  8649 | Lair:1   | Noticed a five-headed hydra
  8663 | Lair:1   | Killed an eight-headed hydra
  8664 | Lair:1   | Reached skill level 18 in Unarmed Combat
  9258 | Lair:1   | Reached skill level 19 in Unarmed Combat
  9560 | Lair:2   | Found a staircase to the Swamp.
  9707 | Lair:2   | Reached XP level 12. HP: 86/104 MP: 11/11
  9888 | Lair:2   | Found a dark tunnel.
  9893 | Volcano  | Entered a volcano
 10047 | Volcano  | Reached skill level 20 in Unarmed Combat
 10255 | Lair:2   | Killed from afar by a will-o-the-wisp

Illustrated notes

Levels and vault maps discovered:
D:1:      kennysheep_arrival_seaside, layout_loops_ring, basic_ecumenical_altar,
          feat_on_display
D:2:      minmay_kobold_bridge, layout_rooms
D:3:      wander_river, layout_basic, chequers_serial_rivers_large_a,
          uniq_grinder
D:4:      layout_loops_corners, xom_confusion_cloud, kennysheep_mini,
          serial_shops, shop_statue, gup_sewer_entry_pipe
D:5:      layout_loops_ring, nicolae_qazlal_eye_of_the_storm, serial_shops,
          nicolae_shop_bloodbath_and_beyond, kennysheep_nub
D:6:      layout_loops_corners, temple_doors_e, gammafunk_ghost_stat_death,
          uniq_maggie
D:7:      layout_loops_cross, uniq_joseph, uniq_duvessa
D:8:      layout_basic, fiery_altar_vehumet
D:9:      layout_long_grid, orc_david_3, gammafunk_ghost_hive,
          minmay_misc_feat_secret_circle
D:10:     layout_stronghold, gammafunk_temple_overflow_elements,
          lair_entry_dummy, minivault_19, minmay_quadrilaterals
Lair:1:   beast_lair_carwin_large_3, layout_gridlike, serial_bayou_ford_a
Lair:2:   layout_gridlike, minmay_swamp_entry_wisps, enter_volcano_4,
          minivault_26, grunt_megastairs_5

Skill      XL: |  1  2  3  4  5  6  7  8  9 10 11 12 |
---------------+-------------------------------------+-----
Unarmed Combat | 4 6 8 9 12 14 16 19 20 | 20.5
Fighting       | |  2.4
Dodging        | |  2.4

Action                   |  1- 3 |  4- 6 |  7- 9 | 10-12 || total
-------------------------+-------+-------+-------+-------++-------
Melee: Unarmed           |   144 |   140 |   198 |   433 ||   915
       Punch             |     3 |     4 |    10 |    33 ||    50
Invok: Trog's Hand       |       |     1 |     1 |     7 ||     9
       Berserk           |       |     1 |       |     2 ||     3
Evoke: Wand              |       |       |     2 |     9 ||    11
  Use: Scroll            |       |       |       |    21 ||    21
 Stab: Sleeping          |     2 |       |     1 |       ||     3
Armor: Animal skin       |    59 |    24 |    16 |       ||    99
       Steam dragon scal |       |       |    21 |    95 ||   116
Dodge: Dodged            |    86 |    99 |    81 |   265 ||   531
Block: Other             |       |       |       |    90 ||    90
